 Dungeon Crawl Stone Soup version 0.28.0 (webtiles) character file.

Game seed: 8560767359940192541

21 Leshista the Gusty (level 2, -5/15 HPs)
             Began as a Deep Elf Air Elementalist on Feb 6, 2022.
             Slain by a worm (9 damage)
             ... on level 1 of the Dungeon.
             The game lasted 00:02:51 (811 turns).

Leshista the Gusty (Deep Elf Air Elementalist)       Turns: 811, Time: 00:02:52

Health: -5/15      AC:  2    Str:  5    XL:     2   Next: 62%
Magic:  8/8        EV: 12    Int: 19    God:
Gold:   40         SH:  0    Dex: 15    Spells: 6/7 levels left

rFire   . . .      SeeInvis .   (no weapon)
rCold   . . .      Faith    .   (no shield)
rNeg    . . .      Spirit   .   a - +0 robe
rPois   .          Reflect  .   (no helmet)
rElec   .          Harm     .   (no cloak)
rCorr   .          Rampage  .   (no gloves)
Will    .....                   (no boots)
Stlth   ++........              (no amulet)
HPRegen 0.05/turn               (no ring)
MPRegen 0.11/turn               (no ring)

@: lethally poisoned (-5 -> -8)
A: no striking features
a: no special abilities


You were on level 1 of the Dungeon.
You visited 1 branch of the dungeon, and saw 2 of its levels.

You collected 40 gold pieces.

Inventory:

Missiles
 e - 4 atropa-tipped darts
Armour
 a - a +0 robe (worn)
Scrolls
 d - a scroll of teleportation {unknown}
Potions
 b - 2 potions of curing {unknown}
 c - a potion of heal wounds {unknown}


   Skills:
 + Level 2.5 Dodging
 + Level 2.5 Stealth
 * Level 3.2 Spellcasting
 * Level 1.3 Conjurations
 * Level 3.7 Air Magic


You had 6 spell levels left.
You knew the following spells:

 Your Spells              Type           Power      Damage    Failure   Level
a - Shock                 Conj/Air       48%        1d6       5%          1

Your spell library contained the following spells:

 Spells                   Type           Power      Damage    Failure   Level
 Static Discharge         Conj/Air       12%        N/A       9%          2
 Swiftness                Air            17%        N/A       10%         3
 Airstrike                Air            8%         N/A       32%         4


Dungeon Overview and Level Annotations

Branches:
Dungeon (2/15)

Altars:


Message History

Aiming: Shock (safe; 5% risk of failure)
Press: ? - help, Shift-Dir - straight line, f - hobgoblin
Aim: a hobgoblin (wandering, hasn't noticed you, 68% to hit)
The zap misses the worm.
The zap hits the hobgoblin.
You kill the hobgoblin!
An adder comes into view.
Casting: Shock (safe; 5% risk of failure)
Confirm with . or Enter, or press ? or * to list all spells.
Aiming: Shock (safe; 5% risk of failure)
Press: ? - help, Shift-Dir - straight line, f - adder
Aim: an adder (wandering, hasn't noticed you, 48% to hit)
The zap misses the adder.
The adder hisses angrily.
The bat hits you but does no damage.
You climb upwards.
There is a stone staircase leading down here.
Casting: Shock (safe; 5% risk of failure)
Confirm with . or Enter, or press ? or * to list all spells.
Aiming: Shock (safe; 5% risk of failure)
Press: ? - help, Shift-Dir - straight line, f - bat
Aim: a bat (52% to hit)
The zap hits the bat.
You kill the bat!
You start resting.
Magic restored.
You climb downwards.
The adder barely misses you. x2
There is a stone staircase leading up here.
Casting: Shock (safe; 5% risk of failure)
Confirm with . or Enter, or press ? or * to list all spells.
Okay, then.
The adder bites you.
You are poisoned.
The adder poisons you! The worm bites you.
You climb upwards.
You feel sick.
There is a stone staircase leading down here.
You feel sick. The adder bites you.
* * * LOW HITPOINT WARNING * * *
The adder barely misses you. The worm bites you!
Ouch! That really hurt!
You die...

######### #.......#
#....S>w# #....†@.#
#.......###############
#......................
#.......###.#########.#
#.......##.............
##########.#####.#####.
#.#S≈≈#.#≈≈S#.
#.#≈≈≈#.#≈≈≈#.
#.#≈≈≈#.#≈≈≈#.


You could see a worm and an adder.

Vanquished Creatures
  3 ball pythons (D:1)
  3 bats (D:1)
  An endoplasm (D:1)
  A giant cockroach (D:1)
  4 goblins
  A hobgoblin (D:2)
  A quokka (D:1)
  A frilled lizard (D:2)
  4 rats (D:1)
19 creatures vanquished.

Notes
Turn   | Place    | Note
-------+----------+-------------------------------------------
     0 | D:1      | Leshista the Deep Elf Air Elementalist began the quest for
                  | the Orb.
     0 | D:1      | Reached XP level 1. HP: 10/10 MP: 6/6
     3 | D:1      | Noticed an electric eel
     4 | D:1      | Noticed an electric eel
   264 | D:1      | Reached XP level 2. HP: 15/15 MP: 0/8
   811 | D:1      | Slain by a worm

Illustrated notes

Levels and vault maps discovered:
D:1:      arrival_aquarium_b, layout_basic
D:2:      layout_rooms, serial_shops, shop

Action                   || total
-------------------------++-------
 Cast: Shock             ||    30
Armor: Robe              ||     1
Dodge: Dodged            ||     4
